Map: Nightshade LE

Players

Hurricane - Winner!

  • Race: Protoss Protoss
  • Spawn Location: 11:00

Harstem

  • Race: Protoss Protoss
  • Spawn Location: 5:00

Event: IEM Katowice 2020

VOD

Have the link to the VOD?

Description

Time

  • Played on: Feb. 25, 2020, 7:55 a.m.
  • Length: 6:40

All games in this series

Show
View Real Time Build Order
Export as new Build Order

Hurricane Protoss - Winner!

Build Orders: Phoenix Opening, Blink Stalkers 

Get SALT Encoding   

  12  0:00  Probe  
  13  0:12  Probe  
  14  0:17  Pylon  
  14  0:24  Probe (Chrono Boost)  
  15  0:36  Probe (Chrono Boost), Gateway  
  16  0:45  Probe (Chrono Boost), Assimilator  
  17  0:51  Probe  
  17  0:54  Assimilator  
  18  1:03  Probe (Chrono Boost)  
  19  1:08  Gateway  
  19  1:13  Probe (Chrono Boost)  
  19  1:18  Probe (Chrono Boost)  
  20  1:25  Cybernetics Core  
  21  1:29  Probe  
  22  1:37  Pylon  
  22  1:41  Probe  
  23  1:55  Probe  
  18  2:01  Adept x2  
  24  2:02  Warp Gate  
  28  2:08  Pylon  
  28  2:31  Stalker x2  
  28  2:35  Probe  
  33  2:49  Probe  
  33  3:01  Sentry x2  
  37  3:06  Probe  
  38  3:18  Nexus  
  38  3:22  Twilight Council  
  36  3:27  Probe  
  36  3:31  Gateway  
  37  3:36  Pylon  
  37  3:41  Phoenix, Probe  
  38  3:56  Probe, Stalker  
  38  3:57  Stalker  
  38  3:58  Blink (Chrono Boost)  
  43  4:09  Probe  
  44  4:21  Probe, Pylon  
  44  4:22  Phoenix  
  43  4:28  Stalker  
  43  4:29  Stalker  
  47  4:37  Stalker  
  49  4:40  Probe (Chrono Boost)  
  49  4:42  Probe (Chrono Boost)  
  51  4:50  Probe (Chrono Boost)  
  51  4:51  Probe (Chrono Boost)  
  53  4:55  Probe (Chrono Boost)  
  53  4:56  Probe (Chrono Boost)  
  53  4:59  Forge  
  55  5:06  Probe, Robotics Facility  
  56  5:08  Probe  
  56  5:10  Phoenix  
  57  5:18  Probe  
  57  5:20  Probe  
  59  5:30  Probe  
  59  5:31  Nexus  
  60  5:37  Probe  
  60  5:39  Assimilator  
  60  5:40  Pylon  
  61  5:43  Stalker  
  61  5:46  Stalker  
  65  5:50  Stalker  
  67  6:00  Immortal (Chrono Boost)  
  71  6:07  Stalker  
  71  6:09  Stalker  
  71  6:10  Pylon  
  75  6:14  Stalker  
  75  6:18  Probe  
  70  6:30  Stalker  
Show
View Real Time Build Order
Export as new Build Order

Harstem Protoss 

Build Orders: Oracle Opening 

Get SALT Encoding   

  12  0:09  Pylon  
  12  0:13  Probe  
  13  0:27  Gateway  
  13  0:30  Probe (Chrono Boost)  
  14  0:40  Probe (Chrono Boost)  
  14  0:41  Assimilator  
  15  0:45  Probe (Chrono Boost)  
  16  0:50  Assimilator  
  17  0:57  Probe  
  17  1:09  Probe  
  18  1:14  Cybernetics Core  
  18  1:21  Probe  
  19  1:32  Pylon  
  19  1:33  Probe  
  20  1:45  Probe  
  21  1:48  Adept (Chrono Boost)  
  21  1:53  Stargate  
  23  1:57  Probe  
  23  1:59  Warp Gate  
  24  2:09  Probe  
  24  2:11  Stalker  
  27  2:21  Probe  
  28  2:26  Pylon  
  28  2:33  Oracle (Chrono Boost)  
  30  2:46  Stalker  
  30  2:49  Probe  
  33  2:56  Pylon  
  31  3:06  Shield Battery  
  31  3:09  Probe  
  31  3:12  Oracle (Chrono Boost)  
  35  3:32  Probe, Nexus  
  36  3:41  Robotics Facility  
  36  3:45  Probe  
  37  3:52  Pylon  
  37  3:55  Sentry  
  37  3:57  Probe  
  40  4:09  Probe  
  41  4:11  Gateway  
  41  4:21  Probe (Chrono Boost)  
  42  4:33  Probe (Chrono Boost), Immortal  
  47  4:39  Probe (Chrono Boost)  
  47  4:41  Sentry  
  47  4:44  Probe (Chrono Boost)  
  52  4:53  Probe (Chrono Boost)  
  52  4:54  Probe (Chrono Boost)  
  52  4:59  Probe (Chrono Boost)  
  54  5:00  Probe  
  55  5:11  Probe  
  55  5:12  Probe, Immortal (Chrono Boost)  
  61  5:17  Forge  
  61  5:20  Pylon  
  62  5:31  Gateway  
  62  5:32  Sentry  
  62  5:34  Gateway x2  
  63  5:44  Warp Prism (Chrono Boost)  
  63  5:46  Gateway  
  63  5:48  Sentry  
  64  5:59  Stalker  
  64  6:01  Probe  
  64  6:02  Pylon  
  64  6:09  Probe  
  65  6:12  Pylon  
  65  6:15  Stalker  
  71  6:24  Probe  
  68  6:30  Stalker x3  

Tags
 
Add a new tag
Caveats
  • Supply blocks, unpowered buildings, or Contaminate may cause inaccurate times.
  • Supply counts are checked every 10 seconds.